 Dungeon Crawl Stone Soup version 0.31-a0-771-g505c3d19dc (webtiles) character file.

Game seed: 4077763696228222098

1541201 Iich the Slayer (level 27, 240/240 HPs)
             Began as a Demonspawn Shapeshifter on Sept 15, 2023.
             Was an Initiate of Gozag.
             Escaped with the Orb
             ... and 3 runes on Sept 16, 2023!
             The game lasted 02:39:51 (85399 turns).

Iich the Slayer (Demonspawn Shapeshifter)          Turns: 85399, Time: 02:39:51

Health: 240/240    AC: 47    Str: 25      XL:     27
Magic:  20/20      EV: 18    Int: 21 (22) God:    Gozag
Gold:   2138       SH: 24    Dex:  8 (9)  Spells: 26/26 levels left

rFire   + + .        b - +3 broad axe (vamp)
rCold   + . .        V - +4 kite shield {AC+3}
rNeg    . . .        N - +6 chain mail of Xetu {*Slow Int+8 Slay+3 Stlth+}
rPois   +            U - +2 helmet {SInv}
rElec   +            o - +4 cloak of Feral Satisfaction {rElec rPois Dex-3 Slay+4}
rCorr   +            (gloves unavailable)
SInv    +            p - +2 pair of boots {Fly}
Will    ++...        A - amulet of reflection Stlth
                     H - ring of Ruyripe {rF+ rC+ Str+6}
HPRegen 0.60/turn    a - ring "Vyigyi" {rF+ rCorr EV+5 Dex-2 SInv}
MPRegen 0.17/turn

%: slow self (1%), reflection
@: flying, studying 5 skills
A: claws 3, icemail 2, spiny 3, augmentation 3, sharp scales 3, condensation
shield, talons 1, clumsy 1, deterioration 2, low MP 1, weak 2, inability to
drink after injury 1
0: Orb of Zot
}: 3/15 runes: barnacled, silver, gossamer
a: Renounce Religion, Potion Petition, Call Merchant, Bribe Branch


You escaped.
You worshipped Gozag.
Gozag was most pleased with you.
You visited 10 branches of the dungeon, and saw 48 of its levels.
You visited the Abyss 3 times.
You also visited: Ossuary, Ice Cave and Desolation.

You collected 34654 gold pieces.
You spent 10688 gold pieces at shops.
You paid 21828 gold pieces to Gozag.

Inventory:

Hand Weapons
 b - a +3 vampiric broad axe (weapon)
 S - the +2 broad axe of Mobbiesi {drain, rC+ rN+ Will-}
   (You bought it in a shop on level 2 of the Elven Halls)

   rC+:       It protects you from cold.
   rN+:       It protects you from negative energy.
   Will-:     It decreases your willpower.
 X - a +4 heavy battleaxe
Missiles
 R - 8 throwing nets (quivered)
Armour
 o - the +4 cloak of Feral Satisfaction (worn) {rElec rPois Dex-3 Slay+4}
   (You acquired it on level 4 of the Dungeon)

   Dex-3:     It affects your dexterity (-3).
   Slay+4:    It affects your accuracy & damage with ranged weapons and melee
   (+4).
   rElec:     It insulates you from electricity.
   rPois:     It protects you from poison
 p - a +2 pair of boots of flying (worn)
 N - the +6 chain mail of Xetu (worn) {*Slow Int+8 Slay+3 Stlth+}
   (You bought it in a shop on level 3 of the Dungeon)

   Int+8:     It affects your intelligence (+8).
   Slay+3:    It affects your accuracy & damage with ranged weapons and melee
   (+3).
   *Slow:     It may slow you when you take damage.
   Stlth+:    It makes you more stealthy.
 U - a +2 helmet of see invisible (worn)
 V - a +4 kite shield of protection (worn)
 Y - a +1 crystal plate armour
Jewellery
 a - the ring "Vyigyi" (right claw) {rF+ rCorr EV+5 Dex-2 SInv}
   (You bought it in a shop on level 2 of the Depths)

   [ring of evasion]

   EV+5:      It affects your evasion (+5).
   Dex-2:     It affects your dexterity (-2).
   rF+:       It protects you from fire.
   SInv:      It lets you see invisible.
   rCorr:     It protects you from acid and corrosion.
 d - the ring of Huikh {Drain rElec EV+5 Dex+3}
   (You bought it in a shop on level 2 of the Depths)

   [ring of evasion]

   EV+5:      It affects your evasion (+5).
   Dex+3:     It affects your dexterity (+3).
   rElec:     It insulates you from electricity.
   Drain:     It drains your maximum health when unequipped.
 w - the ring of Descent {rF+ Dex+6}
   (You took it off a deep elf zephyrmancer on level 3 of the Elven Halls)

   [ring of dexterity]

   Dex+6:     It affects your dexterity (+6).
   rF+:       It protects you from fire.
 x - the ring of Jounkit {AC+4 Str+4}
   (You bought it in a shop on level 2 of the Depths)

   [ring of protection]

   AC+4:      It affects your AC (+4).
   Str+4:     It affects your strength (+4).
 A - an amulet of reflection (around neck)
 B - a ring of ice
 F - a ring of protection from fire
 H - the ring of Ruyripe (left claw) {rF+ rC+ Str+6}
   (You found it on level 1 of the Shoals)

   [ring of strength]

   Str+6:     It affects your strength (+6).
   rF+:       It protects you from fire.
   rC+:       It protects you from cold.
 I - a ring of protection from cold
Talismans
 v - a talisman of death
Wands
 e - a wand of polymorph (27)
 u - a wand of flame (97)
 D - a wand of digging (3)
 K - a wand of roots (15)
 L - a wand of mindburst (34)
 Q - a wand of light (39)
 Z - a wand of paralysis (29)
Scrolls
 f - 7 scrolls of immolation
 g - 3 scrolls of fear
 k - 7 scrolls of poison
 t - 10 scrolls of teleportation
 y - 4 scrolls of butterflies
 G - 4 scrolls of silence
 J - 5 scrolls of revelation
 W - 14 scrolls of fog
Potions
 h - 8 potions of haste
 l - 2 potions of heal wounds
 m - 4 potions of mutation
 n - 7 potions of resistance
 q - 34 potions of curing
 r - 4 potions of berserk rage
 s - 12 potions of attraction
 z - 3 potions of ambrosia
 C - 6 potions of invisibility
 O - 11 potions of enlightenment
 P - 7 potions of lignification
 T - 2 potions of cancellation
Miscellaneous
 c - a sack of spiders
 i - a condenser vane
 j - a phantom mirror
 E - a lightning rod (4/4)
 M - a phial of floods


   Skills:
 + Level 24.5 Fighting
 - Level 20.0 Axes
 - Level 17.0 Armour
 - Level 17.9 Dodging
 + Level 13.6 Shields
 - Level 3.1 Unarmed Combat
 + Level 18.0 Evocations
 + Level 18.1 Shapeshifting


You had 26 spell levels left.
You didn't know any spells.
Your spell library contained the following spells:

 Spells                   Type           Power      Damage    Failure   Level
 Necrotise                Necr           0%         1d4       63%         1
 Sandblast                Erth           0%         2d4       63%         1
 Sting                    Tmut/Pois      0%         1d3       63%         1
 Summon Small Mammal      Summ           0%         N/A       63%         1
 Cigotuvi's Dreadful Rot  Necr/Pois/Air  0%         N/A       77%         2
 Ensorcelled Hibernation  Hex/Ice        0%         N/A       77%         2
 Lesser Beckoning         Tloc           0%         N/A       77%         2
 Passwall                 Tmut/Erth      0%         N/A       77%         2
 Poisonous Vapours        Pois/Air       0%         N/A       77%         2
 Scorch                   Fire           0%         2d5       77%         2
 Static Discharge         Conj/Air       0%         2-2/arc   77%         2
 Wereblood                Tmut           0%         N/A       77%         2
 Call Canine Familiar     Summ           0%         N/A       94%         3
 Dazzling Flash           Conj/Hex       0%         N/A       94%         3
 Gell's Gravitas          Tloc           0%         N/A       94%         3
 Hailstorm                Conj/Ice       0%         3d3       94%         3
 Ignite Poison            Fire/Tmut/Pois 0%         N/A       94%         3
 Inner Flame              Hex/Fire       0%         N/A       94%         3
 Mephitic Cloud           Conj/Pois/Air  0%         N/A       94%         3
 Ozocubu's Armour         Ice            0%         N/A       94%         3
 Sigil of Binding         Hex            0%         N/A       94%         3
 Stone Arrow              Conj/Erth      0%         3d7       94%         3
 Summon Guardian Golem    Hex/Summ       0%         N/A       94%         3
 Swiftness                Air            0%         N/A       94%         3
 Teleport Other           Tloc           0%         N/A       94%         3
 Vampiric Draining        Necr           0%         2d6       94%         3
 Airstrike                Air            0%         2d(0-16)  100%        4
 Anguish                  Hex/Necr       0%         N/A       100%        4
 Animate Armour           Summ/Erth      0%         N/A       100%        4
 Cause Fear               Hex            0%         N/A       100%        4
 Dimensional Bullseye     Hex/Tloc       0%         N/A       100%        4
 Dispel Undead            Necr           0%         3d6       100%        4
 Flame Wave               Conj/Fire      0%         2d4       100%        4
 Leda's Liquefaction      Hex/Erth       0%         N/A       100%        4
 Olgreb's Toxic Radiance  Pois           0%         N/A       100%        4
 Passage of Golubria      Tloc           0%         N/A       100%        4
 Sticky Flame             Conj/Fire      0%         2d3       100%        4
 Summon Ice Beast         Ice/Summ       0%         N/A       100%        4
 Summon Lightning Spire   Summ/Air       0%         N/A       100%        4
 Vhi's Electric Charge    Tloc/Air       0%         N/A       100%        4
 Agony                    Necr           0%         N/A       100%        5
 Alistair's Intoxication  Tmut/Pois      0%         N/A       100%        5
 Arcjolt                  Conj/Air       0%         1d10      100%        5
 Freezing Cloud           Conj/Ice/Air   0%         6-21      100%        5
 Irradiate                Conj/Tmut      0%         3d11      100%        5
 Lee's Rapid Deconstruct  Erth           0%         3d4*      100%        5
 Metabolic Englaciation   Hex/Ice        0%         N/A       100%        5
 Silence                  Hex/Air        0%         N/A       100%        5
 Summon Forest            Summ/Tloc      0%         N/A       100%        5
 Yara's Violent Unravell  Hex/Tmut       0%         3d3       100%        5
 Conjure Ball Lightning   Conj/Air       0%         3x3d6     100%        6
 Death Channel            Necr           0%         N/A       100%        6
 Eringya's Noxious Bog    Tmut/Pois      0%         4d6       100%        6
 Leda's Unmaking          Conj/Erth      0%         9d1       100%        6
 Summon Cactus Giant      Summ           0%         N/A       100%        6
 Enfeeble                 Hex            0%         N/A       100%        7
 Haunt                    Necr/Summ      0%         N/A       100%        7
 Malign Gateway           Summ/Tloc      0%         N/A       100%        7
 Summon Hydra             Summ           0%         N/A       100%        7
 Discord                  Hex            0%         N/A       100%        8
 Disjunction              Tloc           0%         N/A       100%        8
 Ignition                 Fire           0%         3d3       100%        8
 Infestation              Necr           0%         N/A       100%        8
 Lehudib's Crystal Spear  Conj/Erth      0%         10d2      100%        8
 Summon Horrible Things   Summ           0%         N/A       100%        8
 Shatter                  Erth           0%         3d5*      100%        9
 Animate Dead             Necr           Unusable   N/A       N/A         4
 Simulacrum               Ice/Necr       Unusable   N/A       N/A         6

Dungeon Overview and Level Annotations

Branches:
Dungeon (15/15)            Temple (1/1) D:4            Lair (5/5) D:10
 Shoals (4/4) Lair:3       Spider (4/4) Lair:2        Slime (0/5) Lair:5
    Orc (2/2) D:12            Elf (3/3) Orc:2        Vaults (5/5) D:14
  Crypt (0/3) Vaults:2     Depths (4/4) D:15            Zot (5/5) Depths:4
Ossuary (visited)           IceCv (visited)         Desolation (visited)

Altars:
Ashenzari
Cheibriados
Dithmenos
Fedhas
Gozag
Hepliaklqana
Kikubaaqudgha
Makhleb
Nemelex Xobeh
Okawaru
Qazlal
Ru
Sif Muna
Trog
Uskayaw
Vehumet
Wu Jian
Xom
Yredelemnul
Jiyva
Lugonu

Shops:
D:2 (   D:3 [   D:12 *   D:13 =   Orc:2 (**([   Elf:2 ?((   Shoals:1 [
Shoals:3 *   Spider:1 *((   Vaults:2 ((   Vaults:5 !   Depths:1 :[
Depths:2 :=:

Portals:
Hell: Depths:1 Depths:2 Depths:3 Depths:4
Abyss: Lair:5 Depths:1 Depths:2 Depths:3
Pandemonium: Depths:1 Depths:2
Ziggurat: Depths:4

Annotations:
D:4 1 runed translucent door, soul19's ghost, novice GnIE
Depths:2 3 runed translucent doors
Zot:3 2 transporters


Innate Abilities, Weirdness & Mutations

You have claws for hands.
A meltable icy envelope protects you from harm. (AC +8)
You are completely covered in sharp spines.
Your magical and physical power is greatly enhanced at high health.
You are completely covered in razor-sharp scales. (AC +3, Slay +3)
A meltable shield of frost defends you. (SH +4)
You have sharp toenails.
You are clumsy. (Dex -2)
Your body often deteriorates upon taking damage.
Your magical capacity is low. (-10% MP)
You are very weak. (Str -4)
You occasionally lose the ability to drink potions when taking damage.


Message History

You feel your intelligence returning.
Unknown command.
You cut the neqoxec into ribbons!!!
You kill the neqoxec!
Unknown command.
No target in view!
Unknown command.
No target in view!
You now have 2138 gold pieces (gained 22).
There is an open door here.
There is an open door here.
Aiming: Dig
Press: ? - help, Q - select action, (/) - cycle Shift-Dir - straight line A rock wall.
This square is covered in magical glow.
The rock shatters into small pieces.
Aiming: Dig
Press: ? - help, Q - select action, (/) - cycle Shift-Dir - straight line A rock wall.
This square is covered in magical glow.
The rock shatters into small pieces.
A soul eater comes into view.
There is an open door here.
You block the soul eater's attack.
The soul eater attacks as it pursues you!
The soul eater is struck by your spines.
The soul eater barely misses you.
The soul eater attacks as it pursues you!
The soul eater hits you but does no damage.
The soul eater attacks as it pursues you!
The soul eater is struck by your spines.
The soul eater hits you but does no damage.
You block the soul eater's attack.
You reach down and open the door.
You block the soul eater's attack. You block the soul eater's attack.
There is an open door here.
You block the soul eater's attack.
There is a staircase leading out of the dungeon here.
You block the soul eater's attack.
You have escaped!

###........# #.#
#.#.###### #........# #.#
#.#.#..... ########## #.#
#.#.#.###. #.###.#.#.####
#.............
#################..######
#...............#......#.
#.8.8.#3#'#.8.8.#.####.#.
#..8..#.@.#..8..#...##.#.
#.8.8.#####.8.8.#.#.##.#.
#...............#.#.##.##
###...⌠...⌠...###...##..'
##....8....##...#.#####
##.⌠...⌠.###.#...# #
##.....####.#.### #
###'### #....# # ########
#..#####..### #


You could see a soul eater.

Vanquished Creatures
  2 pandemonium lords
  5 dread liches
  4 orbs of fire (Zot:5)
  3 ancient liches
  A juggernaut (Depths:2)
  Sojobo (Depths:2)
  Vv (Depths:2)
  A Killer Klown (Zot:5)
  Margery (Vaults:5)
  Saint Roka (Depths:2)
  A curse toe (Zot:1)
  19 golden dragons
  Norris (Elf:3)
  Nikola (Vaults:3)
  A bone dragon (Abyss:2)
  2 electric golems (Zot:5)
  20 tentacled monstrosities
  A Tzitzimitl (Zot:1)
  Rupert (D:12)
  Jorgrun (Orc:1)
  An Ice Fiend (Zot:5)
  Asterion (Elf:3)
  3 deep elf blademasters
  8 titans
  28 Orb Guardians
  Zenata (Elf:3)
  A walking divine tome (Depths:4)
  5 liches
  12 quicksilver dragons
  2 deep elf master archers (Elf:3)
  4 krakens
  8 sphinxes
  3 Executioners
  6 tentacled starspawn
  23 storm dragons
  5 death cobs
  Aizul (Elf:3)
  Agnes (Spider:3)
  12 shadow dragons
  6 tengu reavers
  3 draconian monks
  11 fire giants
  7 draconian knights
  6 deep elf sorcerers (Elf:3)
  3 emperor scorpions
  2 balrugs
  21 vault wardens
  7 ghost moths
  10 frost giants
  3 imperial myrmidons (Desolation)
  A curse skull (Vaults:2)
  5 draconian scorchers
  6 deep elf elementalists
  3 draconian annihilators
  20 ironbound preservers
  5 orc warlords
  2 draconian shifters
  2 spriggan defenders
  5 draconian stormcallers
  3 broodmothers
  3 ironbound thunderhulks
  17 stone giants
  8 war gargoyles
  The ghost of Pixtaico the Unseen, an adept FeNe of Elyvilon (Vaults:4)
  The ghost of Deiv the Fighter, a journeyman MiHu of Gozag (Lair:2)
  14 very ugly things
  6 vampire knights
  6 formless jellyfish
  The ghost of GreenGuy14 the Peltast, a journeyman MiFi of Wu Jian (Lair:4)
  10 black draconians
  4 deep elf demonologists
  9 green draconians
  11 starcursed masses (Abyss:3)
  7 purple draconians
  6 spark wasps
  A dire elephant (shapeshifter) (Vaults:4)
  7 red draconians
  5 dire elephants
  11 deep elf annihilators
  10 white draconians
  13 yellow draconians
  An eidolon (Vaults:2)
  4 merfolk javelineers
  17 ettins
  4 deep elf death magi
  3 crystal guardians (Desolation)
  2 green deaths (Zot:5)
  A blizzard demon (Zot:5)
  An entropy weaver (shapeshifter) (D:15)
  10 deep elf high priests
  15 yaktaur captains
  15 merfolk impalers
  37 vault guards
  Harold (D:9)
  3 entropy weavers
  8 fire dragons
  8 great orbs of eyes
  7 servants of whispers (Desolation)
  5 ragged hierophants (Desolation)
  6 rakshasas
  6 hydras
  8 centaur warriors
  7 ice dragons
  3 ogre magi
  Erolcha (D:12)
  3 alligator snapping turtles
  A caustic shrike simulacrum (Abyss:3)
  2 jorogumos (Spider:4)
  19 peacekeepers
  A radroach (shapeshifter) (Vaults:4)
  4 radroaches
  8 ironbound frosthearts
  3 spriggan air magi
  A catoblepas (Lair:4)
  9 boulder beetles
  25 death yaks
  5 tengu warriors
  2 satyrs
  8 deep troll shamans
  17 two-headed ogres
  22 dancing weapons
  A death scarab (Spider:3)
  5 demonic crawlers
  15 deep troll earth magi
  A satyr (shapeshifter) (Vaults:5)
  13 thrashing horrors
  2 spriggan berserkers
  2 orc high priests
  Sonja (Lair:5)
  16 hell knights
  13 deep elf knights
  A soul eater (Depths:1)
  6 sun demons
  5 wretched stars
  Lodul (D:12)
  12 pharaoh ants
  4 iron trolls
  2 sea snakes (Shoals:4)
  18 large abominations
  5 sixfirhies
  A sun moth (Spider:1)
  5 skysharks
  2 obsidian statues (Zot:5)
  A death drake (Abyss:3)
  62 deep trolls
  A glowing orange brain (shapeshifter) (Vaults:5)
  3 glowing orange brains
  16 orb spiders
  13 wizards
  A flayed ghost (Depths:2)
  12 deep elf archers
  2 bog bodies (Shoals:1)
  18 ironbound convokers
  An iron giant skeleton (Abyss:3)
  6 phantasmal warriors
  A harpy (shapeshifter) (Depths:2)
  6 steelbarb worms
  17 lindwurms
  23 wolf spiders
  13 orc knights
  16 harpies
  5 orc sorcerers
  9 necromancers
  24 deep elf pyromancers
  A salamander (shapeshifter) (Vaults:5)
  28 ugly things
  23 deep elf zephyrmancers
  2 oklob plants (Lair:4)
  7 cyclopes
  16 manticores
  A toenail golem (Zot:2)
  3 worldbinders (Abyss:3)
  9 fauns
  21 moths of wrath
  A cyclops (shapeshifter) (Vaults:5)
  5 elephants (Lair:1)
  A salamander (Depths:2)
  2 rust devils
  9 merfolk sirens
  4 black mambas
  Joseph (D:9)
  An apocalypse crab (Shoals:1)
  7 torpor snails
  8 guardian serpents
  A gargoyle (D:12)
  An ice statue (IceCv)
  Maurice (D:11)
  2 water nymphs (Shoals:2)
  9 smoke demons
  23 vault sentinels
  29 cane toads
  2 molten gargoyles (Desolation)
  A cane toad (shapeshifter) (Vaults:5)
  3 unseen horrors
  15 rime drakes
  2 freezing wraiths (Vaults:5)
  5 ancient zymes
  A rime drake (shapeshifter) (Elf:3)
  2 tormentors
  A kobold demonologist (D:11)
  3 efreet
  Psyche (D:12)
  15 komodo dragons
  An ice devil (Zot:5)
  4 tengu conjurers
  26 yaktaurs
  A queen bee (D:11)
  A red devil (Abyss:1)
  A meliai (shapeshifter) (Vaults:5)
  A harpy zombie (Abyss:1)
  7 polar bears
  19 trolls
  2 wolf spider simulacra (D:15)
  18 merfolk
  A meliai (D:11)
  7 hornets
  62 saltlings
  5 hellwings
  4 snapping turtles
  37 blink frogs
  A tengu simulacrum (Vaults:3)
  22 tarantellas
  A frost giant simulacrum (Vaults:3)
  21 raiju
  9 wind drakes
  2 dream sheep (shapeshifter)
  4 dream sheep (Shoals:2)
  A tarantella (shapeshifter) (Abyss:1)
  50 slime creatures
  29 jumping spiders
  A centaur simulacrum (D:15)
  9 ynoxinuls
  4 air elementals
  5 spriggans
  23 culicivoras
  A flying skull (Abyss:2)
  4 shadows
  A vampire (D:11)
  A fire bat (Abyss:2)
  19 humans (D:14)
  4 wyverns
  65 yaks
  4 wraiths
  21 water elementals
  2 fire elementals (Elf:1)
  A hog (shapeshifter) (Elf:2)
  9 vampire mosquitoes
  78 redbacks
  11 chaos spawn
  4 neqoxecs
  A yaktaur simulacrum (Vaults:3)
  10 steam dragons
  9 wargs
  9 basilisks
  Duvessa (D:6)
  4 acid dragons
  18 water moccasins
  2 floating eyes
  32 orc warriors
  3 ice beasts
  3 black bears
  7 sky beasts
  7 boggarts
  30 ogres
  22 wolves
  17 centaurs
  3 kobold brigands
  21 small abominations
  11 bullfrogs
  5 scorpions
  5 necrophages (Lair:3)
  3 earth elementals
  2 water moccasin zombies (Ossuary)
  A human skeleton (Vaults:3)
  Dowan (D:6)
  34 killer bees
  3 electric eels
  2 howler monkeys
  A quasit (Abyss:2)
  An iron imp (Abyss:3)
  12 jellies (Lair:5)
  A gnoll bouda (D:8)
  13 orc priests
  3 hounds
  4 iguanas
  18 orc wizards
  2 mummies (Ossuary)
  10 adders
  4 gnolls (D:8)
  2 shadow imps
  6 white imps
  4 ufetubi
  5 adder zombies (Ossuary)
  A worm (D:2)
  4 dart slugs
  81 orcs
  13 endoplasms
  A giant cockroach (D:3)
  3 gnoll zombies (Ossuary)
  5 goblins
  5 hobgoblins
  2 quokkas
  7 ball pythons
  5 bats
  6 frilled lizards
  A hobgoblin zombie (Ossuary)
  17 kobolds
  9 kobold zombies (Ossuary)
  6 orc zombies (Ossuary)
  4 rats
  2 lurking horrors (Abyss:2)
  2 spectral weapons (Elf:3)
  12 starspawn tentacles
  9 tentacles
2577 creatures vanquished.

Vanquished Creatures (others)
  A deep elf blademaster (Elf:3)
  A draconian knight (Zot:2)
  A deep elf sorcerer (Elf:3)
  A draconian annihilator (Zot:1)
  A draconian stormcaller (Zot:1)
  A sun moth (Spider:4)
  A deep elf pyromancer (Elf:1)
  A blink frog (Abyss:3)
  A redback (Vaults:5)
  An orc priest (Elf:3)
  An orc wizard (Elf:3)
  6 starspawn tentacles
  11 tentacles
28 creatures vanquished.

Grand Total: 2605 creatures vanquished

Notes
Turn   | Place    | Note
-------+----------+-------------------------------------------
     0 | D:1      | Iich the Demonspawn Shapeshifter began the quest for the
                  | Orb.
     0 | D:1      | Reached XP level 1. HP: 15/15 MP: 1/1
   421 | D:1      | Gained mutation: You are partially covered in razor-sharp
                  | scales. (AC +1, Slay +1) [demonic ancestry]
   421 | D:1      | Reached XP level 2. HP: 13/21 MP: 2/2
  1041 | D:2      | Found Cogiuh's Antique Weapon Boutique.
  1188 | D:2      | Reached XP level 3. HP: 26/26 MP: 3/3
  1211 | D:2      | Reached skill level 1 in Axes
  1852 | D:3      | Reached XP level 4. HP: 20/33 MP: 4/4
  2158 | D:3      | Reached skill level 2 in Fighting
  2519 | D:3      | Found Relu's Antique Armour Shoppe.
  2898 | D:4      | Noticed a scorpion
  2926 | D:4      | HP: 2/49 [poisoned by a scorpion]
  3042 | D:4      | Noticed a black bear
  3046 | D:4      | Killed a black bear
  3047 | D:4      | Gained mutation: You are mostly covered in razor-sharp
                  | scales. (AC +2, Slay +2) [demonic ancestry]
  3047 | D:4      | Reached XP level 5. HP: 39/39 MP: 5/5
  3076 | D:4      | Gained mutation: You have sharp fingernails. [demonic
                  | ancestry]
  3076 | D:4      | Reached XP level 6. HP: 43/46 MP: 6/6
  3087 | D:4      | Found a runed translucent door.
  3087 | D:4      | Noticed soul19's ghost (novice GnIE)
  3117 | D:4      | Reached skill level 3 in Fighting
  3210 | D:4      | Identified a scroll of acquirement
  3212 | D:4      | Acquired the +4 cloak of Feral Satisfaction {rElec rPois
                  | Dex-3 Slay+4}
  3500 | D:4      | Found a staircase to the Ecumenical Temple.
  3531 | Temple   | Entered the Ecumenical Temple
  3540 | Temple   | Became a worshipper of Gozag Ym Sagoz the Greedy
  3809 | D:5      | Entered Level 5 of the Dungeon
  4418 | D:5      | Reached XP level 7. HP: 52/52 MP: 7/7
  4663 | D:5      | Reached skill level 4 in Fighting
  4890 | D:6      | Noticed Duvessa
  4890 | D:6      | Noticed Dowan
  5212 | D:6      | Killed Duvessa
  5222 | D:6      | Killed Dowan
  5235 | D:6      | Found a sand-covered staircase.
  5254 | Ossuary  | Entered an ossuary
  5343 | Ossuary  | Gained mutation: You have very sharp fingernails. [demonic
                  | ancestry]
  5343 | Ossuary  | Reached XP level 8. HP: 57/61 MP: 8/8
  5800 | D:6      | Reached skill level 5 in Fighting
  5800 | D:6      | Reached skill level 5 in Shapeshifting
  5921 | D:6      | Reached skill level 5 in Dodging
  6724 | D:7      | Reached skill level 5 in Axes
  6847 | D:7      | Found the +0 pair of fencer's gloves {Riposte Dex+3}
  6852 | D:7      | Gained mutation: A meltable shield of frost defends you.
                  | (SH +4) [demonic ancestry]
  6852 | D:7      | Reached XP level 9. HP: 66/69 MP: 9/9
  7142 | D:7      | Reached skill level 6 in Fighting
  7326 | D:8      | Reached skill level 1 in Armour
  7582 | D:3      | Bought a transparent chain mail for 275 gold pieces
  7582 | D:3      | Identified the +6 chain mail of Xetu {*Slow Int+8 Slay+3
                  | Stlth+} (You bought it in a shop on level 3 of the Dungeon)
  8948 | D:9      | Found an iron altar of Okawaru.
  8951 | D:9      | Found a broken altar of Ashenzari.
  9027 | D:9      | Noticed a troll
  9033 | D:9      | Killed a troll
  9116 | D:9      | Noticed a cyclops
  9116 | D:9      | Noticed an eight-headed hydra
  9116 | D:9      | Noticed a deep elf pyromancer
  9116 | D:9      | Noticed Harold
  9117 | D:9      | Noticed a centaur warrior
  9117 | D:9      | Noticed a purple ugly thing
  9136 | D:9      | Killed a purple ugly thing
  9137 | D:9      | Reached skill level 7 in Fighting
  9137 | D:9      | Gained mutation: You are partially covered in sharp spines.
                  | [demonic ancestry]
  9137 | D:9      | Reached XP level 10. HP: 79/79 MP: 10/10
  9139 | D:9      | Noticed a deep elf pyromancer
  9142 | D:9      | Killed Harold
  9148 | D:9      | Killed a centaur warrior
  9149 | D:9      | Killed a deep elf pyromancer
  9149 | D:9      | Noticed a boulder beetle
  9151 | D:9      | Noticed a cyan ugly thing
  9152 | D:9      | Killed a cyclops
  9155 | D:9      | Killed a six-headed hydra
  9158 | D:9      | Killed a deep elf pyromancer
  9159 | D:9      | Reached skill level 8 in Fighting
  9160 | D:9      | Noticed a manticore
  9172 | D:9      | Killed a cyan ugly thing
  9173 | D:9      | Reached XP level 11. HP: 74/86 MP: 11/11
  9183 | D:9      | Killed a boulder beetle
  9188 | D:9      | Reached skill level 5 in Armour
  9988 | D:9      | Noticed Joseph
  9998 | D:9      | Killed Joseph
 10213 | D:10     | Entered Level 10 of the Dungeon
 10287 | D:10     | Reached skill level 10 in Axes
 10377 | D:10     | Noticed a two-headed ogre
 10385 | D:10     | Killed a two-headed ogre
 10386 | D:10     | Reached skill level 9 in Fighting
 10432 | D:10     | Found a staircase to the Lair.
 10562 | D:10     | Noticed a two-headed ogre
 10568 | D:10     | Killed a two-headed ogre
 10767 | D:10     | Found a sparkling altar of Nemelex Xobeh.
 10900 | Lair:1   | Entered Level 1 of the Lair of Beasts
 10919 | Lair:1   | Gained mutation: A meltable icy envelope protects you from
                  | harm. (AC +8) [demonic ancestry]
 10919 | Lair:1   | Reached XP level 12. HP: 91/95 MP: 12/12
 11173 | Lair:1   | Found a frozen archway.
 11191 | IceCv    | Entered an ice cave
 11255 | IceCv    | Noticed a death yak
 11256 | IceCv    | Noticed a death yak
 11268 | IceCv    | Killed a death yak
 11273 | IceCv    | Killed a death yak
 11276 | IceCv    | Reached skill level 10 in Fighting
 11321 | IceCv    | Noticed a death yak
 11329 | IceCv    | Killed a death yak
 11442 | IceCv    | Noticed a death yak
 11447 | IceCv    | Noticed a frost giant
 11449 | IceCv    | Killed a death yak
 11457 | IceCv    | Killed a frost giant
 11588 | IceCv    | Noticed a death yak
 11588 | IceCv    | Noticed a death yak
 11588 | IceCv    | Noticed a death yak
 11588 | IceCv    | Noticed a death yak
 11593 | IceCv    | Killed a death yak
 11597 | IceCv    | Killed a death yak
 11604 | IceCv    | Killed a death yak
 11607 | IceCv    | Killed a death yak
 11610 | IceCv    | Gained mutation: A meltable icy envelope protects you from
                  | harm. (AC +8) [demonic ancestry]
 11610 | IceCv    | Reached XP level 13. HP: 97/104 MP: 13/13
 12281 | Lair:1   | Acquired the +3 Mad Mage's Maulers {Infuse+∞ VampMP -Cast}
 12281 | Lair:1   | Found the +3 Mad Mage's Maulers {Infuse+∞ VampMP -Cast}
 12675 | Lair:2   | Found a hole to the Spider Nest.
 12686 | Lair:2   | Reached skill level 10 in Dodging
 13789 | Lair:2   | Found a runed translucent gate.
 13791 | Lair:2   | Reached skill level 11 in Fighting
 13891 | Lair:2   | Found a runed translucent gate.
 14298 | Lair:2   | Noticed Deiv's ghost (journeyman MiHu)
 14299 | Lair:2   | Found a runed translucent gate.
 14734 | Lair:2   | Killed Deiv's ghost
 15034 | Lair:3   | Found a staircase to the Shoals.
 15776 | Lair:3   | Reached XP level 14. HP: 97/113 MP: 0/14
 16881 | Lair:4   | You are sucked into a shaft and drop 1 floor!
 16881 | Lair:5   | Entered Level 5 of the Lair of Beasts
 17407 | Lair:5   | Reached skill level 12 in Fighting
 17584 | Lair:5   | Found a corrupted altar of Lugonu.
 17584 | Lair:5   | Found a one-way gate to the infinite horrors of the Abyss.
 17591 | Lair:5   | Identified the +4 ring mail of the Saviour {rElec rN+
                  | Dex-5}
 18412 | Lair:5   | Found a staircase to the Slime Pits.
 18413 | Lair:5   | Found a viscous altar of Jiyva.
 18718 | Lair:5   | Noticed Sonja
 18726 | Lair:5   | Killed Sonja
 19355 | Lair:5   | Reached skill level 10 in Armour
 19497 | Lair:5   | Found the +4 Cigotuvi's embrace {Corpsefed rMiasma Drain
                  | rN+}
 19518 | Lair:5   | Reached skill level 15 in Axes
 19527 | Lair:5   | Gained mutation: You are mostly covered in sharp spines.
                  | [demonic ancestry]
 19527 | Lair:5   | Reached XP level 15. HP: 58/122 MP: 2/15
 20365 | Lair:5   | Identified the +10 plate armour of Uskayaw's Favour
                  | {*Corrode Fly Int+5}
 21155 | Lair:4   | Noticed GreenGuy14's ghost (journeyman MiFi)
 21619 | Lair:4   | Found a transporter.
 21769 | Lair:4   | Killed GreenGuy14's ghost
 21885 | Lair:4   | Found a transporter.
 22062 | Lair:4   | Found a blossoming altar of Fedhas.
 22723 | D:11     | Reached skill level 13 in Fighting
 23151 | D:11     | Noticed Maurice
 23160 | D:11     | Killed Maurice
 24084 | D:12     | Noticed Lodul
 24094 | D:12     | Killed Lodul
 24267 | D:12     | Found a staircase to the Orcish Mines.
 24290 | D:12     | Found Siridomyt's Assorted Antiques.
 24298 | D:12     | Bought a shiny crystal plate armour for 2573 gold pieces
 24345 | D:12     | Identified the +10 chain mail of Prudence {+Inv rC- Will++
                  | rCorr}
 24523 | D:12     | Noticed Erolcha
 24546 | D:12     | Killed Erolcha
 24698 | D:12     | Noticed Psyche
 24704 | D:12     | Killed Psyche
 24920 | D:12     | Noticed Rupert
 24923 | D:12     | Paralysed by Rupert for 4 turns
 24932 | D:12     | Paralysed by Rupert for 5 turns
 24938 | D:12     | Killed Rupert
 25778 | D:13     | Found Tynem's Jewellery Shop.
 26914 | D:14     | Reached XP level 16. HP: 124/131 MP: 3/16
 27571 | D:14     | Identified the ring of Lotwy {rPois rCorr Int+2 Dex+2}
 27689 | D:14     | Identified the +2 morningstar "Huilleij" {flame, Will-
                  | Str+3 Int+3 Dex+6}
 27831 | D:14     | Found a gate to the Vaults.
 28516 | D:15     | Entered Level 15 of the Dungeon
 28923 | D:15     | Found a staircase to the Depths.
 29398 | D:15     | Found a radiant altar of Vehumet.
 29419 | D:15     | Reached skill level 14 in Fighting
 30570 | Orc:1    | Entered Level 1 of the Orcish Mines
 30574 | Orc:1    | Noticed Jorgrun
 30590 | Orc:1    | Killed Jorgrun
 30900 | Orc:2    | Entered Level 2 of the Orcish Mines
 30900 | Orc:2    | Found Nimatoh's Weapon Boutique.
 30904 | Orc:2    | Found Poguor's General Store.
 31139 | Orc:2    | Found Wefeiz's Antique Armour Shop.
 31141 | Orc:2    | Found Nolusat's Antique Weapon Shoppe.
 31143 | Orc:2    | Bought a potion of curing for 42 gold pieces
 31492 | Orc:2    | Found a staircase to the Elven Halls.
 31707 | Orc:2    | Found Sazoz's Superlative Supplies.
 31801 | Orc:2    | Bought a faintly glowing cloak for 332 gold pieces
 31801 | Orc:2    | Identified the +1 cloak of the Evening Star {rF+ MP+9} (You
                  | bought it in a shop on level 2 of the Orcish Mines)
 32017 | Orc:2    | Paralysed by an orc sorcerer for 4 turns
 33084 | Spider:1 | Entered Level 1 of the Spider Nest
 33151 | Spider:1 | Gained mutation: You are completely covered in razor-sharp
                  | scales. (AC +3, Slay +3) [demonic ancestry]
 33151 | Spider:1 | Reached XP level 17. HP: 140/140 MP: 2/17
 35023 | Spider:1 | Bought a runed buckler for 240 gold pieces
 35023 | Spider:1 | Bought a potion of mutation for 256 gold pieces
 35023 | Spider:1 | Bought a heavily runed pewter ring for 160 gold pieces
 35023 | Spider:1 | Identified the ring "Qeugumum" {rPois Str+4} (You bought it
                  | in a shop on level 1 of the Spider Nest)
 35023 | Spider:1 | Bought a shiny kite shield for 240 gold pieces
 36750 | Spider:2 | Reached skill level 15 in Fighting
 37476 | Spider:3 | Noticed Agnes
 37483 | Spider:3 | Killed Agnes
 38334 | Shoals:1 | Entered Level 1 of the Shoals
 39021 | Shoals:1 | Noticed a kraken
 39027 | Shoals:1 | Killed a kraken
 39272 | Shoals:1 | Noticed a tentacled monstrosity
 39279 | Shoals:1 | Killed a tentacled monstrosity
 39537 | Shoals:1 | Got the Codex of Mad Ravings
 39539 | Shoals:1 | Identified the ring of Ruyripe {rF+ rC+ Str+6}
 39698 | Shoals:1 | Reached XP level 18. HP: 149/149 MP: 6/18
 40189 | Shoals:1 | Found Rivvo's Armour Shop.
 42123 | Shoals:3 | Found Wleh's Whimsical Warehouse.
 43181 | Spider:4 | Entered Level 4 of the Spider Nest
 44737 | Spider:4 | Reached skill level 16 in Fighting
 45355 | Spider:4 | Got a gossamer rune of Zot
 45889 | Shoals:4 | Entered Level 4 of the Shoals
 46060 | Shoals:4 | Reached skill level 15 in Dodging
 46650 | Shoals:4 | Gained mutation: You are completely covered in sharp
                  | spines. [demonic ancestry]
 46650 | Shoals:4 | Reached XP level 19. HP: 158/158 MP: 4/19
 47327 | Shoals:4 | Got a barnacled rune of Zot
 48210 | Depths:1 | Entered Level 1 of the Depths
 48397 | Vaults:1 | Entered Level 1 of the Vaults
 49766 | Vaults:1 | Reached skill level 17 in Fighting
 49930 | Vaults:1 | You are sucked into a shaft and drop 1 floor!
 50598 | Vaults:2 | Found Keciw's Weapon Shoppe.
 51838 | Vaults:2 | Reached skill level 15 in Armour
 52103 | Vaults:2 | Found a staircase to the Crypt.
 52175 | Vaults:2 | Found Keohir's Weapon Shoppe.
 54260 | Vaults:3 | Reached XP level 20. HP: 170/170 MP: 2/20
 55369 | Vaults:3 | Reached skill level 18 in Fighting
 55585 | Vaults:3 | Identified the -2 pair of gloves "Ijikhih" {Rampage rF+
                  | Will++ Str-5}
 55668 | Vaults:3 | Identified the staff "Meyck" {rF+ Will+ Int+3 Dex-2 SInv
                  | Fire}
 55717 | Vaults:3 | Noticed Nikola
 55720 | Vaults:3 | Killed Nikola
 56529 | Vaults:4 | Reached skill level 1 in Evocations
 58240 | Vaults:4 | Reached skill level 5 in Evocations
 58251 | Vaults:4 | Reached XP level 21. HP: 122/179 MP: 1/21
 58288 | Vaults:4 | Found a large runed translucent door.
 58294 | Vaults:4 | Found a large runed translucent door.
 58361 | Vaults:4 | Reached skill level 19 in Fighting
 58635 | Vaults:4 | Noticed Pixtaico's ghost (adept FeNe)
 58914 | Vaults:4 | Killed Pixtaico's ghost
 59220 | Elf:1    | Entered Level 1 of the Elven Halls
 59631 | Elf:1    | Found a crumbling gateway.
 59639 | Desolati | Entered the Desolation of Salt
 60452 | Desolati | Identified the +0 arbalest "Viomaf Piji" {heavy, rElec
                  | Dex+4}
 60456 | Desolati | Identified the ring "Ciwnuun" {*Slow MP+9 Str+3 Slay+2}
 60521 | Desolati | Got the Codex of Undead Detritus
 60649 | Desolati | Got the Essays on Brilliant Breccia
 60909 | Desolati | Got the Directory of Haze
 61502 | Desolati | Identified the ring "Koeg" {rF++ MP+9}
 62038 | Desolati | Got the Compilation of the Tectonic Sixfirhy
 62064 | Desolati | Identified the ring "Gysmist" {EV+5 Int-4 Dex+4}
 63945 | Elf:2    | Found a huge runed translucent gate.
 63946 | Elf:2    | Found a huge runed translucent gate.
 63948 | Elf:2    | Found a huge runed translucent gate.
 63949 | Elf:2    | Found a huge runed translucent gate.
 63950 | Elf:2    | Found a huge runed translucent gate.
 64636 | Elf:2    | Found Neutit's Weapon Emporium.
 64663 | Elf:2    | Gained mutation: You have claws for hands. [demonic
                  | ancestry]
 64663 | Elf:2    | Reached XP level 22. HP: 170/190 MP: 5/22
 64775 | Elf:2    | Bought the +2 broad axe of Mobbiesi {drain, rC+ rN+ Will-}
                  | for 655 gold pieces
 64783 | Elf:2    | Bought a scroll of brand weapon for 190 gold pieces
 64783 | Elf:2    | Bought a scroll of revelation for 150 gold pieces
 64783 | Elf:2    | Bought a scroll of enchant weapon for 150 gold pieces
 65105 | Elf:3    | Entered Level 3 of the Elven Halls
 65204 | Elf:3    | Noticed Aizul
 65226 | Elf:3    | Killed Aizul
 65278 | Elf:3    | Noticed Norris
 65292 | Elf:3    | Killed Norris
 65374 | Elf:3    | Noticed Zenata
 65632 | Elf:3    | Identified the staff "Mauntuic" {Contam rC+ Will+ Int+6
                  | Ice}
 65664 | Elf:3    | Reached skill level 20 in Fighting
 65698 | Elf:3    | Identified the +5 trident "Loazagap" {heavy, *Corrode rElec
                  | Str+3}
 65698 | Elf:3    | Identified the ring of Descent {rF+ Dex+6}
 65701 | Elf:3    | Identified the +3 war axe of Kileux {heavy, rF+ Str+2
                  | Int-2}
 65701 | Elf:3    | Identified the ring "Pintiliu" {Wiz rN+}
 65716 | Elf:3    | Noticed Asterion
 65728 | Elf:3    | Killed Zenata
 65735 | Elf:3    | Killed Asterion
 65939 | Elf:3    | Identified the +4 ring mail "Wimics" {Int+3 Dex+2}
 66159 | Elf:3    | Identified the +1 leather armour of Crawling {rC- rN+ rCorr
                  | Int+4}
 66778 | Depths:1 | Found Tenizaez's Armour Emporium.
 66842 | Depths:1 | Reached skill level 10 in Evocations
 66865 | Depths:1 | You are sucked into a shaft and drop 1 floor!
 66927 | Depths:1 | Reached skill level 10 in Shapeshifting
 67116 | Depths:1 | Found a one-way gate leading to the halls of Pandemonium.
 67118 | Depths:1 | Found a gateway to Hell.
 67252 | Depths:1 | Found Yvu Leq's Tiny Tomes.
 67894 | Depths:2 | Noticed Saint Roka
 67919 | Depths:2 | Killed Saint Roka
 68255 | Depths:2 | Noticed Sojobo
 68276 | Depths:2 | Paralysed by an air elemental for 1 turns
 68288 | Depths:2 | Killed Sojobo
 68424 | Depths:2 | Found Woasso's Book Boutique.
 68426 | Depths:2 | Found Keneso's Jewellery Emporium.
 68427 | Depths:2 | Found Osumur's Book Boutique.
 68433 | Depths:2 | Bought a manual of Shields for 1120 gold pieces
 68435 | Depths:2 | Bought the ring of Huikh {Drain rElec EV+5 Dex+3} for 659
                  | gold pieces
 68435 | Depths:2 | Bought the ring of Jounkit {AC+4 Str+4} for 668 gold pieces
 68450 | Depths:2 | Bought a manual of Axes for 1600 gold pieces
 68498 | Depths:2 | Paralysed by a vampire knight for 2 turns
 68704 | Depths:2 | Gained mutation: Your magical and physical power is
                  | slightly enhanced at high health. [demonic ancestry]
 68704 | Depths:2 | Reached XP level 23. HP: 167/198 MP: 23/23
 68860 | Depths:2 | Found a runed translucent gate.
 68860 | Depths:2 | Found a runed translucent gate.
 68860 | Depths:2 | Found a runed translucent gate.
 68891 | Depths:2 | Noticed a juggernaut
 68996 | Depths:2 | Found a runed translucent gate.
 68996 | Depths:2 | Found a runed translucent gate.
 68996 | Depths:2 | Found a runed translucent gate.
 69129 | Depths:2 | Noticed Vv
 69159 | Depths:2 | Killed Vv
 69564 | Depths:2 | Killed a juggernaut
 69571 | Depths:2 | Reached skill level 21 in Fighting
 69905 | Depths:3 | Paralysed by a floating eye for 4 turns
 70246 | Depths:3 | Paralysed by a floating eye for 2 turns
 70266 | Depths:3 | Identified the +6 sling of Zeryxism {freeze, Str+4 Int+4}
 71221 | Depths:4 | Entered Level 4 of the Depths
 71229 | Depths:4 | Found a one-way gateway to a ziggurat.
 71374 | Depths:4 | Found a gate to the Realm of Zot.
 71483 | Depths:4 | Found an ancient bone altar of Kikubaaqudgha.
 72110 | Vaults:5 | Entered Level 5 of the Vaults
 72113 | Vaults:5 | Noticed an ancient lich
 72133 | Vaults:5 | Killed an ancient lich
 72143 | Vaults:5 | Gained mutation: Your magical and physical power is
                  | enhanced at high health. [demonic ancestry]
 72143 | Vaults:5 | Reached XP level 24. HP: 202/203 MP: 23/23
 72165 | Vaults:5 | Identified the +6 falchion of Fate {flame, rN+ Int+2 Dex-5
                  | Stlth+}
 72194 | Vaults:5 | Noticed Margery
 72224 | Vaults:5 | Reached skill level 22 in Fighting
 72227 | Vaults:5 | Killed Margery
 72266 | Vaults:5 | Reached skill level 15 in Shapeshifting
 72437 | Vaults:5 | Noticed a dread lich
 72444 | Vaults:5 | Paralysed by a dread lich for 4 turns
 72458 | Vaults:5 | Killed a dread lich
 72752 | Vaults:5 | Identified the +0 leather armour of Baniumaipn {Fly MP+9
                  | Str+6 Dex-3}
 72767 | Vaults:5 | Identified the staff of Tenacity {Int+2 Conj}
 72782 | Vaults:5 | Got the Codex of Configuration and Orogeny
 72990 | Vaults:5 | Got a silver rune of Zot
 73207 | Vaults:5 | Found Wunk's Distillery.
 73215 | Vaults:5 | Bought a potion of mutation for 128 gold pieces
 73215 | Vaults:5 | Bought 2 potions of haste for 320 gold pieces
 73215 | Vaults:5 | Bought a potion of mutation for 128 gold pieces
 73215 | Vaults:5 | Bought a potion of heal wounds for 80 gold pieces
 73220 | Vaults:5 | Identified the +11 battleaxe of Obiter Dictum {drain, rF+
                  | Str+4 Int+3}
 73609 | Zot:1    | Entered Level 1 of the Realm of Zot
 73638 | Zot:1    | Reached skill level 1 in Shields
 74285 | Zot:1    | Reached skill level 5 in Shields
 74285 | Zot:1    | Reached XP level 25. HP: 216/219 MP: 23/23
 74409 | Zot:1    | Identified the ring of the Sky {rPois rN+ Str+3 Int+2
                  | Slay-6}
 74817 | Zot:2    | Reached skill level 15 in Evocations
 75448 | Zot:3    | Reached skill level 23 in Fighting
 76024 | Zot:3    | Noticed an orb of fire
 76024 | Zot:3    | Noticed a dread lich
 76026 | Zot:3    | Found a transporter.
 76290 | Zot:3    | Noticed an orb of fire
 76309 | Zot:3    | Found a transporter.
 76672 | Zot:3    | Upgraded the game from 0.31-a0-765-g67fe2935dc to
                  | 0.31-a0-771-g505c3d19dc
 77444 | Zot:4    | Reached skill level 10 in Shields
 77873 | Zot:5    | Entered Level 5 of the Realm of Zot
 78180 | Zot:5    | Noticed a dread lich
 78191 | Zot:5    | Killed a dread lich
 78275 | Zot:5    | Gained mutation: Your magical and physical power is greatly
                  | enhanced at high health. [demonic ancestry]
 78275 | Zot:5    | Reached XP level 26. HP: 229/229 MP: 23/23
 78496 | Zot:5    | Noticed an orb of fire
 78498 | Zot:5    | Noticed an orb of fire
 78498 | Zot:5    | Noticed an ancient lich
 78508 | Zot:5    | Noticed a dread lich
 78508 | Zot:5    | Noticed a dread lich
 78508 | Zot:5    | Noticed an orb of fire
 78508 | Zot:5    | Noticed a dread lich
 78508 | Zot:5    | Gained mutation: You occasionally lose the ability to drink
                  | potions when taking damage. [an orb of fire]
 78518 | Zot:5    | Noticed an orb of fire
 78519 | Zot:5    | Gained mutation: You have hidden genetic defects. [an orb
                  | of fire]
 78521 | Zot:5    | Gained mutation: You are frail. (-10% HP) [an orb of fire]
 78526 | Zot:5    | Gained mutation: You are weak. (Str -2) [an orb of fire]
 78536 | Zot:5    | Killed an ancient lich
 78537 | Zot:5    | Killed an orb of fire
 78796 | Zot:5    | Gained mutation: You are clumsy. (Dex -2) [an orb of fire]
 78808 | Zot:5    | Gained mutation: You are vulnerable to cold. (rC-) [an orb
                  | of fire]
 78821 | Zot:5    | Killed an orb of fire
 79238 | Zot:5    | Lost mutation: You are vulnerable to cold. (rC-) [potion of
                  | mutation]
 79238 | Zot:5    | Lost mutation: You have hidden genetic defects. [potion of
                  | mutation]
 79238 | Zot:5    | Lost mutation: You are frail. (-10% HP) [potion of
                  | mutation]
 79238 | Zot:5    | Gained mutation: Your body sometimes deteriorates upon
                  | taking damage. [potion of mutation]
 79238 | Zot:5    | Gained mutation: You have sharp toenails. [potion of
                  | mutation]
 79571 | Zot:5    | Killed a dread lich
 80081 | Zot:5    | Paralysed by a dread lich for 5 turns
 80089 | Zot:5    | Killed a dread lich
 80188 | Zot:5    | Killed a dread lich
 80491 | Zot:5    | Killed an orb of fire
 80963 | Zot:5    | Gained mutation: Your magical capacity is low. (-10% MP)
                  | [an orb of fire]
 80968 | Zot:5    | Killed an orb of fire
 80969 | Zot:5    | Reached skill level 24 in Fighting
 81185 | Depths:2 | Bought the ring "Vyigyi" {rF+ rCorr EV+5 Dex-2 SInv} for
                  | 722 gold pieces
 81246 | Depths:2 | Voluntarily entered the Abyss.
 81255 | Abyss:1  | Found a corrupted altar of Lugonu.
 81737 | Abyss:2  | Gained mutation: Your body often deteriorates upon taking
                  | damage. [a neqoxec]
 81935 | Depths:2 | Escaped the Abyss
 82218 | Depths:2 | Voluntarily entered the Abyss.
 82242 | Abyss:2  | Found a burning altar of Makhleb.
 82270 | Abyss:2  | Found a burning altar of Makhleb.
 82612 | Abyss:3  | Found a corrupted altar of Lugonu.
 83029 | Depths:2 | Escaped the Abyss
 83258 | Depths:2 | Voluntarily entered the Abyss.
 83563 | Abyss:3  | Paralysed by accursed screaming for 1 turns
 83598 | Abyss:3  | Noticed an ancient lich
 83616 | Abyss:3  | Killed an ancient lich
 83622 | Depths:2 | Escaped the Abyss
 84248 | Zot:5    | Got the Orb of Zot
 84534 | Zot:2    | Noticed Osucke the pandemonium lord
 84622 | Depths:1 | Noticed Iprum the pandemonium lord
 84649 | Depths:1 | Killed Iprum the pandemonium lord
 84650 | Depths:1 | Reached XP level 27. HP: 216/240 MP: 20/20
 84824 | Depths:1 | Noticed Ecuoliobyt the pandemonium lord
 84935 | D:13     | Noticed Pir Tuis the pandemonium lord
 85174 | D:5      | Gained mutation: You are very weak. (Str -4) [a cacodemon]
 85315 | D:1      | Noticed Oceatij the pandemonium lord
 85328 | D:1      | Killed Oceatij the pandemonium lord
 85399 | D:$      | Escaped with the Orb!

Illustrated notes

Levels and vault maps discovered:
D:1:      ncdulo_halloftheorcs, layout_basic, feat_on_display
D:2:      layout_basic, serial_shops, shop
D:3:      minmay_chambers_of_twos, layout_basic, serial_shops,
          nicolae_shop_just_a_little_nook
D:4:      layout_gridville, minmay_temple_entry_purple_smoke,
          hellmonk_ghost_happy_afterlife
D:5:      minmay_chambers_of_threes, layout_rooms, elyvilon_altar_3
D:6:      layout_gridville, enter_ossuary_1, uniq_duvessa
D:7:      layout_basic
D:8:      layout_basic
D:9:      layout_basic, nicolae_overflow_two_pavilions, minivault_28,
          uniq_harold, uniq_joseph
D:10:     layout_cave_pools, nemelex_diamond_rough_becter,
          erik_lair_orcish_takeover
D:11:     regret_index_tunnel_blossom, layout_rooms, uniq_maurice
D:12:     kennysheep_big_flooded_room, layout_cave_pools, orc_0_dummy,
          serial_shops, nicolae_shop_pleasant_corner_grove,
          kennysheep_crisscross, minmay_fractal_squares_gapless_7, uniq_erolcha,
          uniq_rupert, uniq_lodul, uniq_psyche
D:13:     layout_long_grid, serial_shops, shop
D:14:     layout_long_grid, grunt_vaults_entry_tiered, kennysheep_nondescript
D:15:     hellmonk_depths_entry_around_the_bend, layout_basic,
          serial_co_window_serial, co_window_paths_a,
          co_window_of_opportunity_a, co_window_corner_a, co_window_corner_a,
          co_window_corner_a, co_window_cross_2, co_window_of_opportunity_b,
          co_window_corner_cb, co_window_broadway_a, co_window_4corner_a,
          minmay_ruined_shrine
Temple:   nicolae_temple_no_exploring_needed
Lair:1:   layout_gridlike, portal_ice_cave_rime
Lair:2:   layout_layer_cave, nicolae_spider_entry_lesser_pyramids,
          gammafunk_ghost_hydra_chop, beast_lair_carwin_7
Lair:3:   layout_cellular_growth, minmay_shoals_entry_beasts,
          roderic_carrion_pond, lemuel_fruit_tree
Lair:4:   layout_gridlike, gammafunk_ghost_berserking_beasts,
          hangedman_tree_tricks, nicolae_lair_yak_garden
Lair:5:   hellmonk_lair_end_abyssal_woods, layout_big_grid,
          minmay_slime_entry_jelly_boxes, bobbens_dragon_lair_wall, uniq_sonja
Shoals:1: dreamdust_from_the_deep, layout_shoals, serial_shops, shop,
          nicolae_shoals_secluded_bog
Shoals:2: layout_shoals, nicolae_shoals_lost_giant_hut
Shoals:3: layout_shoals, nicolae_alphabet_shops
Shoals:4: shoals_end_grunt_ice, layout_shoals, nicolae_shoals_elemental_ambush
Spider:1: layout_spider_delve, hangedman_spider_tarantella_strand
Spider:2: layout_spider_delve, nicolae_orb_island
Spider:3: layout_spider_delve, uniq_agnes
Spider:4: grunt_spider_rune_parallel, nicolae_spider_claw_tunnel
Orc:1:    nicolae_orc_accident_3, layout_diamond_mine, uniq_jorgrun
Orc:2:    st_orc_open, layout_caves, nicolae_alphabet_shops
Elf:1:    eino_elf_arrival_sip, layout_geoelf_octagon,
          portal_desolation_entry_salt, kennysheep_underground_church
Elf:2:    elven_hall_of_blades_hangedman_alternative [nicolae_blade_bullseye],
          layout_rooms, serial_shops, shop
Elf:3:    minmay_elf_hall_hex, layout_geoelf_octagon, uniq_norris, uniq_aizul,
          uniq_zenata, uniq_asterion
Vaults:1: hangedman_vaults_slice, ontoclasm_vaults_gateway,
          nicolae_vaults_twisting_passages, nicolae_vaults_asterisk,
          nicolae_vaults_shrinking_rooms_1,
          nicolae_vaults_offset_grid_hallway_1, hangedman_vaults_trim,
          nicolae_vaults_layer_cake_slice, nicolae_vaults_diamond_1,
          vaults_room_fancy_cross, nicolae_vaults_mini_display_case,
          vaults_dpeg_hooks, layout_vaults_chaotic_city
Vaults:2: vaults_room_corners, ontoclasm_vaults_bender, vaults_mumra_chevron,
          minmay_crypt_entry_simple_walls, nicolae_vaults_closet_pinwheel_6,
          nicolae_vaults_tetromino_T_2, nicolae_vaults_diamond_1,
          nicolae_vaults_taking_the_gang_shopping, vaults_room_door_hall,
          v_pattern_3, nicolae_vaults_wrenched, layout_vaults_omnicross,
          serial_shops, nicolae_shop_temple_entry_statues_fountains
Vaults:3: nicolae_vaults_oval_intersection, v_rooms_6,
          nicolae_vaults_little_squares_2, nicolae_vaults_network_barrier,
          nicolae_vaults_doubleplus_tesselated, nicolae_vaults_little_squares_5,
          layout_vaults_quadrants, uniq_nikola
Vaults:4: ebering_ghost_disaster_area, st_greater_box_1,
          dpeg_vaults_monster_box, nicolae_vaults_cornered_office,
          nicolae_vaults_ninety_degrees, nicolae_vaults_trapezoid_lopsided_3,
          nicolae_vaults_tangram_1, nicolae_vaults_sesquioval_fish,
          hangedman_vaults_unwind, nicolae_vaults_closet_pinwheel_4,
          nicolae_vaults_little_squares_2, layout_vaults_omnibox
Vaults:5: serial_shops, uniq_margery
Depths:1: layout_cave_shapes, pan_entry, grunt_metal_band, abyss_entry,
          serial_shops, shop, nicolae_shop_i_like_small_books_too,
          dreamdust_looks_like_rain, nicolae_triple_integral, grunt_megastairs_3
Depths:2: kennysheep_treasure_stockpile, layout_gridlike, pan_entry,
          grunt_decor_cap, grunt_hell_entry_dis_grunt, abyss_entry,
          infiniplex_staircase_pool_lava, firewood_loft, minmay_shop_grove,
          uniq_sojobo, uniq_saint_roka, uniq_vv
Depths:3: nzn_winding_woodlands_stair_cross [nzn_winding_woodlands_5x15_garden,
          nzn_winding_woodlands_center_triple_pond,
          nzn_winding_woodlands_5x15_river_crossing,
          nzn_winding_woodlands_5x5_open_star, nzn_winding_woodlands_hourglass,
          nzn_winding_woodlands_5x15_zeroes,
          nzn_winding_woodlands_center_diamonds,
          nzn_winding_woodlands_5x15_jagged], layout_gridlike,
          hangedman_coc_ice_floe, nicolae_kite_square_tiling_tiny, abyss_entry
Depths:4: grunt_crosshair, layout_cross, enter_ziggurat_f,
          pf_hell_entry_great_geh, kiku_gazebo_garden_becter
Zot:1:    layout_concentric_octagons, st_large_dragon_hoard_2
Zot:2:    layout_misc_corridors
Zot:3:    gammafunk_the_bubble [the_bubble_gammafunk_split], layout_basic
Zot:4:    layout_cathedral_of_symmetry
Zot:5:    layout_misc_corridors

Skill      XL: |  1  2  3  4  5  6  7  8  9 10 11 12 13 14 15 16 17 18 19 20 21 22 23 24 25 26 27 |
---------------+----------------------------------------------------------------------------------+-----
Dodging        | 2 3 4 5 6 7 8 9 10 11 12 13 14 15 16 17 | 17.9
Axes           | 1 2 3 5 7 8 10 12 13 15 16 17 18 20 | 20.0
Unarmed Combat | 3 |  3.1
Shapeshifting  | 3 4 5 7 11 13 15 16 18 | 18.1
Fighting       | 2 3 4 5 7 8 9 10 11 12 13 14 15 16 17 18 19 20 21 22 23 24 | 24.5
Armour         | 3 4 6 7 9 10 11 12 13 14 15 16 17 | 17.0
Evocations     | 5 8 11 12 14 16 17 18 | 18.0
Shields        | 5 11 13 | 13.6

Action                     |  1- 3 |  4- 6 |  7- 9 | 10-12 | 13-15 | 16-18 | 19-21 | 22-24 | 25-27 || total
---------------------------+-------+-------+-------+-------+-------+-------+-------+-------+-------++-------
  Melee: Hand axe          |    96 |    93 |       |       |       |       |       |       |       ||   189
         Punch             |     4 |       |    10 |    12 |     1 |       |       |       |       ||    27
         Unarmed           |       |    70 |   277 |       |       |       |       |       |       ||   347
         War axe           |       |       |    91 |   238 |    35 |       |       |       |       ||   364
         Battleaxe         |       |       |       |       |   645 |   853 |   810 |     1 |       ||  2309
         Broad axe         |       |       |       |       |       |       |       |  1401 |  1366 ||  2767
 Invoke: Potion Petition   |       |       |     1 |       |     1 |     3 |     1 |    14 |    19 ||    39
         Call Merchant     |       |       |       |       |       |     3 |       |     2 |       ||     5
  Evoke: Wand              |       |     4 |    10 |     2 |       |    16 |     1 |     1 |     4 ||    38
         Lightning rod     |       |       |       |       |       |     2 |       |       |       ||     2
         Phial of floods   |       |       |       |       |       |     1 |       |       |       ||     1
    Use: Potion            |     2 |     5 |     5 |     1 |       |     1 |       |     2 |    14 ||    30
         Scroll            |     2 |    11 |     9 |     2 |     5 |     9 |     8 |    10 |    11 ||    67
   Stab: Sleeping          |     1 |       |       |       |     4 |       |       |       |       ||     5
         Distracted        |       |       |     2 |     1 |    17 |    17 |    15 |     8 |     9 ||    69
         Invisible         |       |       |       |       |       |    20 |       |     9 |     2 ||    31
         Confused          |       |       |       |       |       |       |       |     2 |     1 ||     3
 Armour: Animal skin       |    45 |     7 |       |       |       |       |       |       |       ||    52
         Chain mail        |       |   147 |   278 |   155 |   367 |   703 |   589 |  1002 |   753 ||  3994
         Scale mail        |       |       |    72 |       |       |       |       |       |       ||    72
         Leather armour    |       |       |       |       |    73 |       |       |       |       ||    73
  Dodge: Dodged            |    67 |    75 |   221 |   112 |   346 |   474 |   453 |   810 |   598 ||  3156
  Block: Other             |       |       |    20 |    39 |   232 |   371 |   269 |       |       ||   931
         Reflection        |       |       |       |       |     4 |    11 |    27 |    26 |    22 ||    90
         Kite shield       |       |       |       |       |       |       |       |   991 |  1236 ||  2227
Riposte: War axe           |       |       |    12 |    51 |     4 |       |       |       |       ||    67
         Battleaxe         |       |       |       |       |     2 |       |       |       |       ||     2
         Form:             |       |     1 |     2 |       |       |       |       |       |       ||     3
         Beast             |       |       |     2 |       |       |       |       |       |       ||     2

Table legend: (Time is in decaauts)
 A = Elapsed time spent in this place.
 B = Non-inter-level travel time spent in this place.
 C = Inter-level travel time spent in this place.
 D = Time resting spent in this place.
 E = Time spent auto-exploring this place.
 F = Levels seen in this place.
 G = Mean time per level.
                   A        B        C        D        E       F      G
               +--------+--------+--------+--------+--------+-----+--------+
         Total |  85040 |  80427 |   4613 |   6371 |  59654 |  56 | 1518.6 |
       Dungeon |  19868 |  18154 |   1714 |   1556 |  13398 |  15 | 1324.5 |
        Temple |     18 |     18 |      0 |      0 |      0 |   1 |   18.0 |
          Lair |  11097 |  10424 |    673 |    259 |   8720 |   5 | 2219.4 |
        Shoals |   6988 |   6745 |    243 |    217 |   5865 |   4 | 1747.0 |
   Spider Nest |   7869 |   7611 |    258 |    988 |   5629 |   4 | 1967.2 |
  Orcish Mines |   2408 |   2273 |    135 |      0 |   1857 |   2 | 1204.0 |
   Elven Halls |   4605 |   4439 |    166 |      0 |   3290 |   3 | 1535.0 |
        Vaults |  12183 |  11689 |    494 |     51 |  10287 |   5 | 2436.6 |
        Depths |   6546 |   6121 |    425 |   1042 |   3715 |   4 | 1636.5 |
           Zot |   7852 |   7350 |    502 |   2013 |   3212 |   5 | 1570.4 |
         Abyss |   1769 |   1769 |      0 |     47 |    860 |   5 |  353.8 |
       Ossuary |    320 |    320 |      0 |      0 |    189 |   1 |  320.0 |
      Ice Cave |    792 |    792 |      0 |      0 |    554 |   1 |  792.0 |
    Desolation |   2717 |   2717 |      0 |    197 |   2077 |   1 | 2717.0 |
               +--------+--------+--------+--------+--------+-----+--------+

Top non-repeatable levels by time:
  Lair:5: 3954 daAuts
   Zot:5: 3364 daAuts
Depths:2: 3101 daAuts
Vaults:2: 3018 daAuts
Vaults:4: 2901 daAuts
Desolation: 2717 daAuts
Vaults:3: 2706 daAuts
  Lair:2: 2488 daAuts
Vaults:1: 2394 daAuts
Spider:1: 2380 daAuts
    D:15: 2272 daAuts
Shoals:1: 2207 daAuts
Shoals:4: 2166 daAuts
Spider:4: 2163 daAuts
  Lair:4: 2052 daAuts
